 Dungeon Crawl Stone Soup version 0.29-a0-337-g68df138881 (webtiles) character file.

Game seed: 11069619234789874659

503 Jortsu the Shield-Bearer (level 7, -5/66 HPs)
             Began as a Gnoll Fighter on Apr 16, 2022.
             Was a Priest of Dithmenos.
             Slain by a two-headed ogre
             ... wielding a +0 giant club
              (26 damage)
             ... on level 5 of the Dungeon.
             The game lasted 00:05:19 (3625 turns).

Jortsu the Shield-Bearer (Gnoll Fighter)            Turns: 3625, Time: 00:05:20

Health: -5/66      AC:  7    Str: 19    XL:     7   Next: 17%
Magic:  10/10      EV: 10    Int:  7    God:    Dithmenos [***...]
Gold:   172        SH:  5    Dex: 12    Spells: 10/10 levels left

rFire   . . .      SeeInvis .   a - +0 war axe (venom)
rCold   . . .      Faith    .   c - +0 buckler
rNeg    . . .      Spirit   .   b - +0 scale mail
rPois   .          Reflect  .   (no helmet)
rElec   .          Harm     .   (no cloak)
rCorr   .          Rampage  .   (no gloves)
Will    .....                   (no boots)
Stlth   +.........              (no amulet)
HPRegen 0.21/turn               (no ring)
MPRegen 0.12/turn               (no ring)

@: mighty, wreathed by umbra
A: fangs 1, strong nose, distributed training, robust 1, strong 1
a: Renounce Religion, Shadow Step


You were on level 5 of the Dungeon.
You worshipped Dithmenos.
Dithmenos was most pleased with you.
You visited 1 branch of the dungeon, and saw 5 of its levels.

You collected 172 gold pieces.

Inventory:

Hand Weapons
 a - a +0 war axe of venom (weapon)
Armour
 b - a +0 scale mail (worn)
 c - a +0 buckler (worn)
Jewellery
 g - a ring of positive energy
 o - a ring of willpower
 t - a +6 ring of intelligence
Wands
 s - a wand of iceblast (11)
 u - a wand of flame (48)
 w - a wand of acid (3)
Scrolls
 i - a scroll of blinking
 k - 3 scrolls of amnesia
 r - a scroll of identify
Potions
 e - a potion of degeneration {unknown}
 f - a potion of lignification {unknown}
 h - 7 potions of curing
 j - 2 potions of heal wounds
 l - a potion of attraction {unknown}
 m - a potion of resistance
 n - a potion of brilliance {unknown}
 p - a potion of invisibility
 q - a potion of flight
 v - 2 potions of haste


   Skills:
 + Level 7.0 Fighting
 + Level 2.3 Short Blades
 + Level 2.3 Long Blades
 + Level 5.1 Axes
 + Level 2.3 Maces & Flails
 + Level 2.3 Polearms
 + Level 2.3 Staves
 + Level 2.3 Slings
 + Level 2.3 Bows
 + Level 2.3 Crossbows
 + Level 2.3 Throwing
 + Level 7.0 Armour
 + Level 2.3 Dodging
 + Level 2.3 Stealth
 + Level 7.0 Shields
 + Level 2.3 Unarmed Combat
 + Level 2.3 Spellcasting
 + Level 1.9 Conjurations
 + Level 1.9 Hexes
 + Level 1.9 Summonings
 + Level 1.9 Necromancy
 + Level 1.9 Translocations
 + Level 1.9 Transmutations
 + Level 1.9 Fire Magic
 + Level 1.9 Ice Magic
 + Level 1.9 Air Magic
 + Level 1.9 Earth Magic
 + Level 1.9 Poison Magic
 + Level 2.5 Invocations
 + Level 2.3 Evocations


You had 10 spell levels left.
You didn't know any spells.
Your spell library contained the following spells:

 Spells                   Type           Power      Damage    Failure   Level
 Blink                    Tloc           6%         N/A       65%         2
 Corpse Rot               Necr/Air       6%         N/A       65%         2
 Ensorcelled Hibernation  Hex/Ice        6%         N/A       65%         2
 Passwall                 Tmut/Erth      2%         N/A       65%         2
 Poisonous Vapours        Pois/Air       6%         N/A       65%         2
 Conjure Flame            Conj/Fire      3%         6-21      86%         3
 Ignite Poison            Fire/Tmut/Pois 3%         N/A       86%         3
 Lesser Beckoning         Tloc           3%         N/A       86%         3
 Swiftness                Air            3%         N/A       86%         3
 Sticky Flame             Conj/Fire      3%         2d3       99%         4
 Manifold Assault         Tloc           3%         N/A       100%        5


Dungeon Overview and Level Annotations

Branches:
Dungeon (5/15)
 Temple: D:4-7

Altars:
Dithmenos
Ru


Innate Abilities, Weirdness & Mutations

You have very sharp teeth.
Your uncanny sense of smell can sniff out nearby items.
Your experience applies equally to all skills.
You are robust. (+10% HP)
Your muscles are strong. (Str +2)


Message History

You closely miss the gnoll. You bite the gnoll, but do no damage.
The gnoll barely misses you. You block the gnoll's attack.
You hit the gnoll.
The gnoll is poisoned.
The gnoll is lightly wounded.
You block the gnoll's attack. The gnoll barely misses you.
The gnoll hits you but does no damage. You block the gnoll's attack.
You closely miss the gnoll.
The gnoll is lightly wounded.
You block the gnoll's attack. The gnoll barely misses you.
You hit the gnoll but do no damage.
The gnoll is lightly wounded.
You block the gnoll's attack. The gnoll misses you.
You slash the gnoll!
You kill the gnoll!
Dithmenos accepts your kill. The gnoll barely misses you.
The gnoll barely misses you.
You see here a +0 spear.
You slash the gnoll!
You kill the gnoll!
Dithmenos accepts your kill.
You see here a +0 halberd.
HP restored.
You now have 172 gold pieces (gained 12).
Found an escape hatch in the ceiling.
t - a +6 ring of intelligence
There is an escape hatch in the ceiling here.
A two-headed ogre comes into view. It is wielding two +0 giant clubs.
The two-headed ogre shouts in stereo!
A water moccasin comes into view.
The water moccasin hisses angrily.
You feel very mighty all of a sudden.
The two-headed ogre hits you with a +0 giant club!!
Ouch! That really hurt!
You emit a cloud of dark smoke.
The two-headed ogre hits you with a +0 giant club!
You barely miss the two-headed ogre. You bite the two-headed ogre.
The two-headed ogre is lightly wounded.
The two-headed ogre hits you with a +0 giant club!!
You die...

#.# #.# #.#
#.# #.# #.#
#####§#
#§§@OS# ∆
#§####.......
#.# .......
#.# .......
#<# ...O...
#.# .......
#.# .......
#.# .....S.
#.#


You could see a two-headed ogre and a water moccasin.

Vanquished Creatures
  A scorpion (D:4)
  A hound (D:4)
  A gnoll shaman (D:4)
  Natasha (thrice) (D:2)
  2 orc wizards (D:4)
  An iguana (D:4)
  A hound zombie (D:2)
  6 gnolls
  7 adders
  4 adder skeletons (D:2)
  A worm (D:4)
  2 dart slugs
  4 orcs
  7 bats
  9 endoplasms
  6 giant cockroaches
  4 goblins
  6 hobgoblins
  2 jackals (D:2)
  4 kobolds
  4 quokkas
  5 ball pythons
  5 frilled lizards
  A giant cockroach zombie (D:2)
  6 rats
93 creatures vanquished.

Vanquished Creatures (others)
  A withered plant (D:2)
1 creature vanquished.

Grand Total: 94 creatures vanquished

Notes
Turn   | Place    | Note
-------+----------+-------------------------------------------
     0 | D:1      | Jortsu the Gnoll Fighter began the quest for the Orb.
     0 | D:1      | Reached XP level 1. HP: 23/23 MP: 1/1
   133 | D:1      | Reached XP level 2. HP: 28/29 MP: 2/2
   327 | D:1      | Found a faded altar of an unknown god.
   334 | D:1      | Prayed at the altar of an unknown god.
   334 | D:1      | Became a worshipper of Dithmenos the Shadowed
   334 | D:1      | Reached * piety under Dithmenos
   355 | D:1      | Reached XP level 3. HP: 35/35 MP: 3/3
   666 | D:2      | Reached skill level 1 in Invocations
   694 | D:2      | Reached skill level 1 in Short Blades
   694 | D:2      | Reached skill level 1 in Long Blades
   694 | D:2      | Reached skill level 1 in Maces & Flails
   694 | D:2      | Reached skill level 1 in Polearms
   694 | D:2      | Reached skill level 1 in Staves
   694 | D:2      | Reached skill level 1 in Slings
   694 | D:2      | Reached skill level 1 in Bows
   694 | D:2      | Reached skill level 1 in Crossbows
   694 | D:2      | Reached skill level 1 in Throwing
   694 | D:2      | Reached skill level 1 in Dodging
   694 | D:2      | Reached skill level 1 in Stealth
   694 | D:2      | Reached skill level 1 in Unarmed Combat
   694 | D:2      | Reached skill level 1 in Spellcasting
   694 | D:2      | Reached skill level 1 in Evocations
   694 | D:2      | Reached XP level 4. HP: 40/41 MP: 5/5
   944 | D:2      | Noticed Natasha
   954 | D:2      | Killed Natasha
   955 | D:2      | Reached skill level 1 in Conjurations
   955 | D:2      | Reached skill level 1 in Hexes
   955 | D:2      | Reached skill level 1 in Summonings
   955 | D:2      | Reached skill level 1 in Necromancy
   955 | D:2      | Reached skill level 1 in Translocations
   955 | D:2      | Reached skill level 1 in Transmutations
   955 | D:2      | Reached skill level 1 in Fire Magic
   955 | D:2      | Reached skill level 1 in Ice Magic
   955 | D:2      | Reached skill level 1 in Air Magic
   955 | D:2      | Reached skill level 1 in Earth Magic
   955 | D:2      | Reached skill level 1 in Poison Magic
  1131 | D:2      | Noticed Natasha
  1140 | D:2      | Killed Natasha
  1141 | D:2      | Reached XP level 5. HP: 45/47 MP: 5/7
  1316 | D:2      | Noticed Natasha
  1321 | D:2      | Killed Natasha
  1401 | D:3      | Reached ** piety under Dithmenos
  2397 | D:4      | Reached XP level 6. HP: 12/53 MP: 8/8
  2670 | D:4      | Found a sacrificial altar of Ru.
  2711 | D:4      | Reached skill level 5 in Axes
  3318 | D:4      | Gained mutation: You sometimes lose the ability to read
                  | scrolls when taking damage. [potion of mutation]
  3319 | D:4      | Lost mutation: You sometimes lose the ability to read
                  | scrolls when taking damage. [potion of mutation]
  3319 | D:4      | Gained mutation: You are dopey. (Int -2) [potion of
                  | mutation]
  3319 | D:4      | Gained mutation: You are robust. (+10% HP) [potion of
                  | mutation]
  3319 | D:4      | Lost mutation: You are dopey. (Int -2) [potion of mutation]
  3319 | D:4      | Gained mutation: Your muscles are strong. (Str +2) [potion
                  | of mutation]
  3357 | D:5      | Entered Level 5 of the Dungeon
  3379 | D:4      | Reached XP level 7. HP: 45/64 MP: 10/10
  3559 | D:5      | Reached *** piety under Dithmenos
  3616 | D:5      | Noticed a two-headed ogre
  3625 | D:5      | Slain by a two-headed ogre

Illustrated notes

Levels and vault maps discovered:
D:1:      matt_arrival_spirals, layout_basic,
          dreamdust_ecumenical_altar_angels_and_demons, minmay_pentomino_t4
D:2:      layout_loops_ring, serial_undead, serial_undead_d, serial_undead_f,
          serial_undead_e, serial_undead_e, uniq_natasha
D:3:      layout_basic, serial_co_window_serial, co_window_corner_a,
          co_window_paths_a, co_window_paths_b, co_window_paths_b,
          co_window_corner_a, co_window_corner_cb, co_window_of_opportunity_c,
          co_window_of_opportunity_b, co_window_of_opportunity_b,
          co_window_broadway_b, co_window_4corner_a, glass_columns_b,
          glass_columns_a, glass_columns_c, glass_columns_b, glass_columns_a
D:4:      layout_gridville, mainiacjoe_overflow_brackets
D:5:      layout_loops_ring, lemuel_crystal_altar,
          minmay_temple_entry_butterflies, kennysheep_generic_room_14

Skill      XL: |  1  2  3  4  5  6  7 |
---------------+----------------------+-----
Invocations    | 1 2 |  2.5
Short Blades   | 1 2 |  2.3
Long Blades    | 1 2 |  2.3
Maces & Flails | 1 2 |  2.3
Polearms       | 1 2 |  2.3
Staves         | 1 2 |  2.3
Slings         | 1 2 |  2.3
Bows           | 1 2 |  2.3
Crossbows      | 1 2 |  2.3
Throwing       | 1 2 |  2.3
Dodging        | 1 2 |  2.3
Stealth        | 1 2 |  2.3
Unarmed Combat | 1 2 |  2.3
Spellcasting   | 1 2 |  2.3
Evocations     | 1 2 |  2.3
Conjurations   | 1 |  1.9
Hexes          | 1 |  1.9
Summonings     | 1 |  1.9
Necromancy     | 1 |  1.9
Translocations | 1 |  1.9
Transmutations | 1 |  1.9
Fire Magic     | 1 |  1.9
Ice Magic      | 1 |  1.9
Air Magic      | 1 |  1.9
Earth Magic    | 1 |  1.9
Poison Magic   | 1 |  1.9
Axes           | 5 |  5.1
Fighting       | 7 |  7.0
Armour         | 7 |  7.0
Shields        | 7 |  7.0

Action                   |  1- 3 |  4- 6 |  7- 9 || total
-------------------------+-------+-------+-------++-------
Melee: War axe           |    61 |   184 |    16 ||   261
       Bite              |     7 |    18 |     4 ||    29
  Use: Scroll            |     4 |    12 |       ||    16
       Potion            |       |     2 |     1 ||     3
Armor: Scale mail        |    31 |    74 |     2 ||   107
Dodge: Dodged            |    31 |    93 |    10 ||   134
Block: Buckler           |    26 |    49 |    10 ||    85

Table legend: (Time is in decaauts)
 A = Elapsed time spent in this place.
 B = Non-inter-level travel time spent in this place.
 C = Inter-level travel time spent in this place.
 D = Time resting spent in this place.
 E = Time spent auto-exploring this place.
 F = Levels seen in this place.
 G = Mean time per level.
                   A        B        C        D        E       F      G
               +--------+--------+--------+--------+--------+-----+--------+
         Total |   3706 |   3559 |    147 |    394 |   2334 |   5 |  741.2 |
       Dungeon |   3706 |   3559 |    147 |    394 |   2334 |   5 |  741.2 |
               +--------+--------+--------+--------+--------+-----+--------+

Top non-repeatable levels by time:
     D:4: 1327 daAuts
     D:3: 853 daAuts
     D:2: 754 daAuts
     D:1: 679 daAuts
     D:5: 91 daAuts
